 Dungeon Crawl Stone Soup version 0.28.0-1-gb440e238dd (webtiles) character file.

Game seed: 14424347707240022842

200 croobank the Sneak (level 5, -6/31 HPs)
             Began as an Octopode Fire Elementalist on Feb 20, 2022.
             Mangled by a killer bee (8 damage)
             ... on level 3 of the Dungeon.
             The game lasted 00:07:43 (2435 turns).

croobank the Sneak (Octopode Fire Elementalist)     Turns: 2435, Time: 00:07:46

Health: -6/31      AC:  3    Str: 19    XL:     5   Next: 78%
Magic:  7/9        EV: 13    Int: 19    God:
Gold:   26         SH:  0    Dex: 12    Spells: 2/9 levels left

rFire   . . .      SeeInvis .   a - staff of air
rCold   . . .      Faith    .   (no shield)
rNeg    . . .      Spirit   .   m - +2 hat of Dishonesty {*Slow Str+5 Slay+3}
rPois   .          Reflect  .   (no amulet)
rElec   +          Harm     .   j - +4 ring of slaying
rCorr   .          Rampage  .   k - +6 ring of strength
Will    .....                   (no ring)
Stlth   ++++......              (no ring)
HPRegen 0.10/turn               (no ring)
MPRegen 0.11/turn               (no ring)
                                (no ring)
                                (no ring)

@: lethally poisoned (-6 -> -25)
A: almost no armour, amphibious, 8 rings, camouflage 1, gelatinous body 1,
(nimble swimmer 1), tentacles
a: no special abilities


You were on level 3 of the Dungeon.
You visited 1 branch of the dungeon, and saw 4 of its levels.

You collected 26 gold pieces.

Inventory:

Hand Weapons
 b - a +0 hunting sling
 g - a +0 whip
 p - a +0 war axe
Missiles
 e - a throwing net
 h - 5 stones
Armour
 l - a +0 leather armour
 m - the +2 hat of Dishonesty (worn) {*Slow Str+5 Slay+3}
   (You acquired it on level 3 of the Dungeon)

   Str:       It affects your strength (+5).
   Slay:      It affects your accuracy & damage with ranged weapons and melee
   (+3).
   *Slow:     It may slow you when you take damage.
Magical Staves
 a - a staff of air (weapon)
Jewellery
 j - a +4 ring of slaying (left tentacle)
 k - a +6 ring of strength (right tentacle)
Scrolls
 c - a scroll of immolation
Potions
 f - a potion of flight
 i - a potion of haste {unknown}
 n - a potion of curing {unknown}
 o - 2 potions of attraction {unknown}


   Skills:
 + Level 3.1 Dodging
 + Level 4.3 Stealth
 + Level 2.9 Spellcasting
 + Level 2.5 Conjurations
 + Level 3.8 Fire Magic


You had 2 spell levels left.
You knew the following spells:

 Your Spells              Type           Power      Damage    Failure   Level
a - Foxfire               Conj/Fire      56%        2x1d6     4%          1
b - Scorch                Fire           34%        2d7       4%          2
c - Flame Wave            Conj/Fire      14%        2d6       38%         4

Your spell library contained the following spells:

 Spells                   Type           Power      Damage    Failure   Level
 Conjure Flame            Conj/Fire      14%        6-21      12%         3
 Inner Flame              Hex/Fire       10%        N/A       21%         3
 Ozocubu's Armour         Ice            2%         N/A       43%         3
 Metabolic Englaciation   Hex/Ice        1%         N/A       99%         5
 Simulacrum               Ice/Necr       1%         N/A       100%        6


Dungeon Overview and Level Annotations

Branches:
Dungeon (4/15)
 Temple: D:4-7

Altars:


Innate Abilities, Weirdness & Mutations

You cannot wear most types of armour.
You are amphibious.
You can wear up to eight rings at the same time.
Your skin changes colour to match your surroundings (Stealth+).
Your rubbery body absorbs attacks. (AC +1, EV +1)
((You are camouflaged when in or above water. (Stealth+)))
You have tentacles for arms and can constrict up to eight enemies at once.


Message History

Flames lash the killer bee.
The killer bee is heavily wounded.
The killer bee's fire resistance burns away.
The foxfire hits the killer bee.
The killer bee is burned terribly!
The killer bee is severely wounded.
The foxfire hits the killer bee!
The killer bee is burned terribly!
You kill the killer bee!
Your Dodging skill increases to level 3!
A killer bee comes into view. x2
The killer bee buzzes angrily.
A killer bee comes into view.
There is a stone staircase leading up here.
The killer bee stings you. The killer bee stings you!
You are poisoned.
The killer bee poisons you!
You climb upwards.
You hear the sound of rushing water.
There is an entrance to a sewer on this level.
Hurry and find it before the portal rusts away!
You hear the brisk rusting of a very distant drain.
You feel very sick. The orc hits you with a +0 dagger. x2
* * * LOW HITPOINT WARNING * * *
There is a stone staircase leading down here.
It was a potion of heal wounds.
You feel much better.
You feel sick. The killer bee closely misses you.
The orc hits you with a +0 dagger. The killer bee stings you.
You completely miss the killer bee. You grab the killer bee.
You constrict the killer bee.
You feel sick. The killer bee stings you!
You are lethally poisoned!
The killer bee poisons you! The killer bee stings you.
* * * LOW HITPOINT WARNING * * *
You are more poisoned.
The killer bee poisons you! The orc barely misses you.
You hit the killer bee. Your squeeze misses the killer bee.
The killer bee is moderately wounded.
You constrict the killer bee.
* * * LOW HITPOINT WARNING * * *
You feel very sick. The killer bee closely misses you.
The killer bee stings you!
You die...

#........
#........
#........
#........
###........
#Ko).o..... #
#o#........
#...####y#........
.......o@#........
....####.#........
. #.######### #.#
###.########
#..........#
#..........# ###
#### #..........#
... ..#
#..........#


You could see a killer bee, an orc wizard, 2 orcs and a kobold.

Vanquished Creatures
  An ogre (D:2)
  A killer bee (D:4)
  3 adders
  3 orcs (D:3)
  4 ball pythons
  4 endoplasms (D:1)
  3 giant cockroaches
  3 goblins
  A hobgoblin (D:1)
  4 jackals
  3 kobolds (D:1)
  2 quokkas (D:2)
  2 bats (D:1)
  2 frilled lizards (D:1)
  6 rats
42 creatures vanquished.

Vanquished Creatures (collateral kills)
  A foxfire (D:2)
1 creature vanquished.

Vanquished Creatures (others)
  72 foxfires
72 creatures vanquished.

Grand Total: 115 creatures vanquished

Notes
Turn   | Place    | Note
-------+----------+-------------------------------------------
     0 | D:1      | croobank the Octopode Fire Elementalist began the quest for
                  | the Orb.
     0 | D:1      | Reached XP level 1. HP: 11/11 MP: 3/3
   484 | D:1      | Reached XP level 2. HP: 17/17 MP: 3/5
   487 | D:1      | Learned a level 2 spell: Scorch
   514 | D:1      | Reached skill level 3 in Stealth
  1065 | D:1      | Found a faded altar of an unknown god.
  1382 | D:2      | Reached XP level 3. HP: 21/21 MP: 4/6
  1555 | D:2      | Noticed an ogre
  1719 | D:2      | Killed an ogre
  1720 | D:2      | Reached skill level 4 in Stealth
  1720 | D:2      | Reached XP level 4. HP: 27/27 MP: 0/8
  1720 | D:2      | Reached XP level 5. HP: 31/31 MP: 0/9
  1725 | D:2      | Learned a level 4 spell: Flame Wave
  2127 | D:3      | Identified a scroll of acquirement
  2137 | D:3      | Acquired the +2 hat of Dishonesty {*Slow Str+5 Slay+3}
  2435 | D:3      | Mangled by a killer bee

Illustrated notes

Levels and vault maps discovered:
D:1:      elethiomel_arrival_quiet, layout_loops_ring,
          hellmonk_ecumenical_altar_blasted
D:2:      layout_basic, serial_forest, infiniplex_forest_clump_large,
          infiniplex_forest_zigzag_1, infiniplex_forest_clump_small,
          infiniplex_forest_clump_C, infiniplex_forest_zigzag_1
D:3:      layout_basic, cheibrodos_sewer_entry_sluice, guppyfry_early_orc_mine
D:4:      layout_basic, serial_shops, nicolae_shop_hallway_stairs, shop,
          skrybe_limestone_x

Skill      XL: |  1  2  3  4  5 |
---------------+----------------+-----
Stealth        | 3 4 |  4.3
Conjurations   | 2 |  2.5
Dodging        | 3 |  3.1
Spellcasting   | |  2.9
Fire Magic     | |  3.8

Action                   |  1- 3 |  4- 6 || total
-------------------------+-------+-------++-------
Melee: Unarmed           |     9 |       ||     9
       Tentacles         |     5 |       ||     5
       Constrict         |     4 |     2 ||     6
       Staff             |     2 |     9 ||    11
 Cast: Foxfire           |    38 |     6 ||    44
       Scorch            |     7 |     6 ||    13
  Use: Scroll            |     2 |     5 ||     7
       Potion            |       |     1 ||     1
 Stab: Sleeping          |     1 |       ||     1
Armor: Skin              |     1 |     1 ||     2
Dodge: Dodged            |    14 |    15 ||    29
